 Dungeon Crawl Stone Soup version 0.27.1-3-gb3d3a73c9e (webtiles) character file.

Game seed: 6756446386830182151

3161 Destapler the Blocker (level 9, -2/72 HPs)
             Began as a Minotaur Fighter on Oct 30, 2021.
             Was a Priest of Hepliaklqana.
             Slain by an orc warrior (3 damage)
             ... on level 8 of the Dungeon.
             The game lasted 00:15:25 (6791 turns).

Destapler the Blocker (Minotaur Fighter)            Turns: 6791, Time: 00:15:26

Health: -2/72      AC:  9    Str: 28    XL:     9   Next: 62%
Magic:  8/8        EV:  7    Int:  5    God:    Hepliaklqana [***...]
Gold:   308        SH:  0    Dex: 12    Spells: 8/8 levels left

rFire    . . .     SeeInvis .   j - +3 dagger
rCold    . . .     Faith    .   C - +2 tower shield
rNeg     . . .     Spirit   .   b - +0 scale mail
rPois    .         Reflect  .   (helmet restricted)
rElec    .         Harm     .   I - scarf {shadows}
rCorr    .         Rampage  .   v - +0 pair of gloves
Will     +....                  (no boots)
Stlth    ..........             (no amulet)
HPRegen  0.22/turn              J - ring of willpower
MPRegen  0.11/turn              a - +6 ring of strength

@: confused, lethally poisoned (-2 -> -16), ambrosia-drunk, studying Short
Blades
A: reduced essence, horns 2, retaliatory headbutt
a: Renounce Religion, Recall Ancestor, Ancestor Identity, Transference


You were on level 8 of the Dungeon.
You worshipped Hepliaklqana.
Hepliaklqana was most pleased with you.
You visited 1 branch of the dungeon, and saw 7 of its levels.
You also visited: Sewer and Ossuary.

You collected 308 gold pieces.

Inventory:

Hand Weapons
 f - a +2 short sword of venom
 j - a +3 dagger (weapon)
Missiles
 D - 6 boomerangs
Armour
 b - a +0 scale mail (worn)
 v - a +0 pair of gloves (worn)
 C - a +2 tower shield (worn)
 I - a scarf of shadows (worn)
Jewellery
 a - a +6 ring of strength (right hand)
 e - a ring of see invisible
 n - a ring of protection from fire
 J - a ring of willpower (left hand)
 L - a ring of magical power
Wands
 y - a wand of flame (12)
Scrolls
 c - a scroll of fog {unknown}
 h - 3 scrolls of enchant armour {unknown}
 i - a scroll of acquirement {unknown}
 l - 4 scrolls of vulnerability
 m - 2 scrolls of immolation {unknown}
 q - 6 scrolls of teleportation
 s - a scroll of fear {unknown}
 t - 2 scrolls of amnesia {unknown}
 u - 8 scrolls of identify {unknown}
 B - a scroll of blinking {unknown}
 E - 2 scrolls of enchant weapon {unknown}
 F - a scroll of summoning {unknown}
 K - a scroll of torment {unknown}
Potions
 d - 4 potions of might
 g - a potion of lignification {unknown}
 k - a potion of invisibility {unknown}
 o - a potion of cancellation
 r - 2 potions of curing {unknown}
 w - 2 potions of heal wounds {unknown}
 x - 2 potions of haste
 z - a potion of ambrosia
 A - a potion of brilliance {unknown}
 G - 5 potions of flight
 H - a potion of mutation


   Skills:
 + Level 8.0 Fighting
 + Level 6.9 Short Blades
 - Level 2.4 Axes
 + Level 5.8 Throwing
 + Level 8.0 Armour
 * Level 8.8 Shields


You had 8 spell levels left.
You didn't know any spells.
Your spell library contained the following spells:

 Spells                   Type           Power      Damage    Failure   Level
 Conjure Flame            Conj/Fire      0%         6-21      100%        3
 Dazzling Flash           Conj/Hex       0%         N/A       100%        3
 Ignite Poison            Fire/Tmut/Pois 0%         N/A       100%        3
 Sticky Flame             Conj/Fire      0%         2d3       100%        4
 Agony                    Necr           0%         N/A       100%        5
 Freezing Cloud           Conj/Ice/Air   0%         6-21      100%        5
 Silence                  Hex/Air        0%         N/A       100%        5
 Simulacrum               Ice/Necr       0%         N/A       100%        6
 Polar Vortex             Ice            0%         N/A       100%        9


Dungeon Overview and Level Annotations

Branches:
Dungeon (6/15)             Temple (0/1) D:4           Sewer (visited)
Ossuary (visited)

Altars:
Hepliaklqana
Ru

Annotations:
D:2 Natasha


Innate Abilities, Weirdness & Mutations

Your life essence is reduced to manifest your ancestor. (-10% HP)
You have a pair of horns on your head.
You reflexively headbutt those who attack you in melee.


Message History

The orc warrior hits you from afar with a +1 trident of venom.
* * * LOW HITPOINT WARNING * * *
You block the orc's attack. You block the orc wizard's attack.
The orc priest closely misses Tlaloc.
It was a potion of cancellation.
Your magical effects are unravelling.
You feel magically purged.
You feel yourself slow down.
You feel a little less mighty now.
Your resistance to elements expires.
* * * LOW HITPOINT WARNING * * *
You feel very sick.
Tlaloc hits the orc warrior but does no damage.
You block the orc's attack.
It was a potion of ambrosia.
You are confused.
You feel invigorated.
You feel very sick.
The orc warrior hits you from afar with a +1 trident of venom!
* * * LOW HITPOINT WARNING * * *
The orc hits you but does no damage.
The orc wizard hits you but does no damage.
The orc priest hits Tlaloc with a +0 club.
Tlaloc barely misses the orc warrior.
The orc hits you with a +0 falchion.
* * * LOW HITPOINT WARNING * * *
* * * LOW HITPOINT WARNING * * *
You feel very sick.
The orc warrior hits you with a +1 trident of venom.
* * * LOW HITPOINT WARNING * * *
You are more poisoned.
The orc barely misses Tlaloc.
The orc wizard hits Tlaloc with a +0 dagger.
The orc priest hits you with a +0 club.
* * * LOW HITPOINT WARNING * * *
Tlaloc closely misses the orc warrior.
You hit the orc.
The orc is moderately wounded.
* * * LOW HITPOINT WARNING * * *
You feel very sick.
The orc warrior hits you with a +1 trident of venom.
You die...

#. ###...
##......
##.......
#........
##oo.)....
####.@Rooo...
#......ooK....
..##.....K....
#....KK....
#..........
##.........
##........
##.......


You could see the friendly Tlaloc the hexer, 2 orc warriors, a kobold brigand,
an orc priest, an orc wizard, 3 orcs and 3 kobolds.

Vanquished Creatures
  A yak (D:5)
  A wyvern (D:5)
  2 water moccasins
  An ice beast (D:6)
  A centaur (D:5)
  2 ogres
  A bullfrog (D:5)
  2 scorpions
  2 wyvern zombies (Ossuary)
  4 water moccasin zombies
  A bullfrog zombie (Ossuary)
  4 centaur zombies
  2 jellies
  2 hounds (D:5)
  An orc priest (D:5)
  A centaur skeleton (D:5)
  A bullfrog skeleton (D:5)
  Jessica (D:2)
  Ijyb (D:3)
  Terence (D:3)
  5 iguanas
  Natasha (twice) (D:2)
  2 orc wizards
  2 scorpion zombies (D:5)
  A killer bee zombie (Ossuary)
  3 howler monkey zombies (Ossuary)
  12 mummies
  6 adders
  4 gnolls (D:5)
  5 worms (Sewer)
  5 dart slugs
  10 orcs
  10 endoplasms
  4 giant cockroaches
  8 goblins
  6 hobgoblins
  A jackal (Sewer)
  5 kobolds
  5 quokkas
  7 ball pythons
  17 bats
  7 frilled lizards
  A hobgoblin zombie (D:4)
  A kobold zombie (D:4)
  A quokka skeleton (D:4)
  9 rats
171 creatures vanquished.

Vanquished Creatures (collateral kills)
  Sigmund (D:5)
  An ice beast (D:4)
  A scorpion (D:5)
  A wyvern zombie (Ossuary)
  2 hounds (D:4)
  2 mummies (Ossuary)
  An iguana (D:5)
  An orc wizard (D:5)
  A hound skeleton (D:5)
  2 adders
  2 worms
  An endoplasm (Sewer)
  3 jackals (Sewer)
  A quokka (D:4)
  4 bats (Sewer)
  3 kobolds (D:4)
27 creatures vanquished.

Vanquished Creatures (others)
  A hexer (D:5)
  7 withered plants (Ossuary)
8 creatures vanquished.

Grand Total: 206 creatures vanquished

Notes
Turn   | Place    | Note
-------+----------+-------------------------------------------
     0 | D:1      | Destapler the Minotaur Fighter began the quest for the Orb.
     0 | D:1      | Reached XP level 1. HP: 19/19 MP: 0/0
   240 | D:1      | Reached XP level 2. HP: 23/27 MP: 1/1
   512 | D:1      | Reached skill level 1 in Throwing
   583 | D:1      | Reached XP level 3. HP: 29/33 MP: 2/2
   744 | D:1      | Reached skill level 1 in Short Blades
   809 | D:2      | Found a faded altar of an unknown god.
   882 | D:2      | Noticed Natasha
   887 | D:2      | Killed Natasha
   888 | D:2      | Reached XP level 4. HP: 40/40 MP: 3/3
  1018 | D:2      | Became a worshipper of Hepliaklqana the Forgotten
  1018 | D:2      | Reached * piety under Hepliaklqana
  1354 | D:2      | Noticed Jessica
  1358 | D:2      | Killed Jessica
  1471 | D:2      | Noticed Natasha
  1479 | D:2      | Killed Natasha
  1480 | D:2      | Reached XP level 5. HP: 33/42 MP: 4/4
  1549 | D:2      | Noticed Natasha
  1992 | D:3      | Noticed Terence
  2001 | D:3      | Killed Terence
  2318 | D:3      | Noticed Ijyb
  2353 | D:3      | Killed Ijyb
  2354 | D:3      | Reached XP level 6. HP: 15/49 MP: 5/5
  2711 | D:3      | Found a sacrificial altar of Ru.
  2748 | D:3      | Reached skill level 5 in Armour
  2753 | D:3      | Reached skill level 5 in Fighting
  2854 | D:4      | Reached ** piety under Hepliaklqana
  2855 | D:4      | Remembered your ancestor Tlaloc as a hexer
  2904 | D:4      | Noticed an ice beast
  2913 | D:4      | Reached skill level 5 in Shields
  2915 | D:4      | Killed an ice beast
  2945 | D:4      | Found a sand-covered staircase.
  2954 | Ossuary  | Entered an ossuary
  3023 | Ossuary  | Reached XP level 7. HP: 45/54 MP: 6/6
  3277 | Ossuary  | Reached XP level 8. HP: 62/63 MP: 7/7
  4021 | D:4      | Found a staircase to the Ecumenical Temple.
  4434 | D:5      | Entered Level 5 of the Dungeon
  4675 | D:5      | Reached skill level 5 in Short Blades
  4892 | D:5      | Found a glowing drain.
  4936 | Sewer    | Entered a sewer
  4971 | Sewer    | Reached skill level 5 in Throwing
  5200 | Sewer    | Reached *** piety under Hepliaklqana
  5441 | D:5      | Reached XP level 9. HP: 63/71 MP: 8/8
  5671 | D:5      | Noticed Sigmund
  5682 | D:5      | Killed Sigmund
  6781 | D:6      | You fall into a shaft and drop 2 floors!
  6790 | D:8      | HP: 3/72 [orc warrior (5)]
  6790 | D:8      | HP: 1/72 [orc priest (2)]
  6791 | D:8      | Slain by an orc warrior

Illustrated notes

Levels and vault maps discovered:
D:1:      minmay_arrival_wavy_path, layout_basic, kennysheep_nondescript
D:2:      layout_loops_ring, hellmonk_ecumenical_altar_crossroads,
          minmay_fountain_box, uniq_jessica, uniq_natasha
D:3:      layout_loops_cross, nicolae_ru_the_path_less_chosen, uniq_terence,
          uniq_ijyb
D:4:      layout_basic, minmay_temple_entry_arrows, nicolae_ossuary_entry_giza,
          eino_tiny_chamber, minmay_pentomino_pile
D:5:      minmay_recursive_quarters, layout_cave_pools, portal_sewer_entry_e,
          minmay_crystal_room, chequers_serial_rivers_large_a,
          minmay_manual_mandibuliform, uniq_sigmund
D:6:      layout_loops_corners, ebering_ghost_reflecting_pool, st_stairs_13
D:8:      layout_cave_pods, hangedman_abyss_or_decor_stagger

Skill      XL: |  1  2  3  4  5  6  7  8  9 |
---------------+----------------------------+-----
Shields        | 4 5 6 7 8 |  8.8
Fighting       | 4 5 6 7 8 |  8.0
Throwing       | 1 2 3 5 |  5.8
Armour         | 4 5 6 7 8 |  8.0
Short Blades   | 1 2 3 4 5 6 |  6.9
Axes           | |  2.4

Action                   |  1- 3 |  4- 6 |  7- 9 || total
-------------------------+-------+-------+-------++-------
Melee: War axe           |    15 |       |       ||    15
       Headbutt          |     3 |    23 |   102 ||   128
       Short sword       |    71 |   111 |    18 ||   200
       Unarmed           |       |    23 |       ||    23
       Dagger            |       |       |   354 ||   354
Invok: Ancestor Life: He |       |     1 |       ||     1
       Recall Ancestor   |       |       |     1 ||     1
  Use: Scroll            |       |     1 |     2 ||     3
       Potion            |       |       |     7 ||     7
 Stab: Distracted        |       |       |     3 ||     3
       Confused          |       |       |     3 ||     3
Armor: Scale mail        |    35 |    46 |    96 ||   177
Dodge: Dodged            |    24 |    13 |    56 ||    93
Block: Kite shield       |    38 |    41 |    49 ||   128
       Tower shield      |       |       |   196 ||   196
